WLB
NEW YORK YANKEES @ NEW YORK METS
04/04/2024
 
TOP OF THE 1ST
New York Yankees batting - Pitching for New York Mets : LHP Nick Lodolo
Pitching: LHP Nick Lodolo
Batting: RHB Randy Arozarena 0-0: Ball
1-0: Foul Ball, location: 2F
1-1: Swinging Strike
1-2: Foul Ball, location: 3DF
1-2: Strikes out swinging
Batting: RHB Ha-seong Kim 0-0: Ball
1-0: Foul Ball, location: 2LF
1-1: Called Strike
1-2: Ball
2-2: Ball
3-2: DOUBLE (Line Drive, 78D, EV 105.6 MPH)
Batting: RHB Vladimir Guerrero Jr. 0-0: Ball
1-0: Foul Ball, location: 2F
1-1: Ball
2-1: Called Strike
2-2: Ball
3-2: Foul Ball, location: 25FF
3-2: Base on Balls
Batting: RHB Mitch Garver 0-0: Ball
1-0: Fly out, F4 (Flyball, 34D, EV 83.8 MPH)
Batting: SHB Ozzie Albies 0-0: Foul Ball, location: 5F
0-1: Called Strike
0-2: SINGLE (Groundball, 56S, EV 65.0 MPH) (infield hit)
Ha-seong Kim to third
Vladimir Guerrero Jr. to second
Batting: RHB Seiya Suzuki 0-0: SINGLE (Line Drive, 8RS, EV 95.0 MPH)
Ha-seong Kim scores
Vladimir Guerrero Jr. to third
Ozzie Albies to second
Runner from 3rd tries for Home, SAFE, throw by CF to home
Batting: RHB Gary Sanchez 0-0: Ball
1-0: Ball
2-0: Foul Ball, location: 7LDF
2-1: Ball
3-1: Swinging Strike
3-2: Strikes out looking
Top of the 1st over - 2 runs, 3 hits, 0 errors, 2 left on base; New York 2 - New York 0
BOTTOM OF THE 1ST
New York Mets batting - Pitching for New York Yankees : RHP Kodai Senga
Pitching: RHP Kodai Senga
Batting: LHB TJ Friedl 0-0: Called Strike
0-1: Ball
1-1: Foul Ball, location: 2F
1-2: Fly out, F8 (Flyball, 8LD, EV 104.4 MPH)
Batting: RHB Paul Goldschmidt 0-0: Ball
1-0: Swinging Strike
1-1: Ball
2-1: Ball
3-1: Foul Ball, location: 2F
3-2: Strikes out swinging
Batting: LHB Cody Bellinger 0-0: Called Strike
0-1: Ball
1-1: Foul Ball, location: 23F
1-2: Fly out, F8 (Flyball, 8LM, EV 81.9 MPH)
Bottom of the 1st over - 0 runs, 0 hits, 0 errors, 0 left on base; New York 2 - New York 0
TOP OF THE 2ND
New York Yankees batting - Pitching for New York Mets : LHP Nick Lodolo
Batting: RHB Matt Chapman 0-0: Ball
1-0: Called Strike
1-1: Ball
2-1: Fly out, F6 (Line Drive, 56, EV 73.1 MPH)
Batting: LHB Cedric Mullins 0-0: Called Strike
0-1: Foul Ball, location: 3F
0-2: Ground out U3 (Groundball, 34, EV 101.3 MPH)
Batting: RHB Randy Arozarena 0-0: Ball
1-0: SOLO HOME RUN (Flyball, 9D, EV 100.0 MPH), Distance : 384 ft
Batting: RHB Ha-seong Kim 0-0: Called Strike
0-1: Ball
1-1: Foul Ball, location: 2F
1-2: Strikes out swinging
Top of the 2nd over - 1 run, 1 hit, 0 errors, 0 left on base; New York 3 - New York 0
BOTTOM OF THE 2ND
New York Mets batting - Pitching for New York Yankees : RHP Kodai Senga
Batting: RHB Mike Trout 0-0: Foul Ball, location: 9LDF
0-1: Foul Ball, location: 2F
0-2: Foul Ball, location: 23F
0-2: Ball
1-2: SINGLE (Groundball, 6MD, EV 106.3 MPH)
Batting: RHB Eloy Jimenez 0-0: Called Strike
0-1: Called Strike
0-2: Foul Ball, location: 9LSF
0-2: Fly out, F7 (Flyball, 7D, EV 90.0 MPH)
Batting: LHB Gavin Lux 0-0: Called Strike
0-1: Ball
1-1: Foul Ball, location: 5SF
1-2: Ball
2-2: Fielders Choice at 2nd, 3-6 (Groundball, 34, EV 83.8 MPH)
Batting: RHB Ke'Bryan Hayes 0-0: Ball
1-0: Foul Ball, location: 25F
1-1: Called Strike
1-2: Ball
2-2: Foul Ball, location: 2F
2-2: Fly out, F9 (Flyball, 89D, EV 81.3 MPH)
Bottom of the 2nd over - 0 runs, 1 hit, 0 errors, 1 left on base; New York 3 - New York 0
TOP OF THE 3RD
New York Yankees batting - Pitching for New York Mets : LHP Nick Lodolo
Batting: RHB Vladimir Guerrero Jr. 0-0: Called Strike
0-1: Swinging Strike
0-2: Strikes out looking
Batting: RHB Mitch Garver 0-0: Ball
1-0: Swinging Strike
1-1: Foul Ball, location: 9LDF
1-2: Ball
2-2: Foul Ball, location: 2F
2-2: SINGLE (Line Drive, 6MD, EV 93.8 MPH)
Batting: SHB Ozzie Albies 0-0: Called Strike
0-1: Ball
1-1: Called Strike
1-2: Fly out, F8 (Flyball, 8LD, EV 110.0 MPH)
Batting: RHB Seiya Suzuki 0-0: Swinging Strike
0-1: Ball
1-1: Foul Ball, location: 9LSF
1-2: Ball
2-2: Ball
3-2: Foul Ball, location: 2F
3-2: 2-RUN HOME RUN (Flyball, 78XD, EV 105.6 MPH), Distance : 394 ft
Pitching: RHP Vladimir Gutierrez
Batting: RHB Gary Sanchez 0-0: Foul Ball, location: 5F
0-1: Ball
1-1: Ball
2-1: Ball
3-1: Called Strike
3-2: Ground out 5-3 (Groundball, 56, EV 103.1 MPH)
Top of the 3rd over - 2 runs, 2 hits, 0 errors, 0 left on base; New York 5 - New York 0
BOTTOM OF THE 3RD
New York Mets batting - Pitching for New York Yankees : RHP Kodai Senga
Batting: SHB Tommy Edman 0-0: Ground out 4-3 (Groundball, 4M, EV 95.6 MPH)
Batting: RHB Tyler Stephenson 0-0: Swinging Strike
0-1: Ground out 6-3 (Groundball, 6MS, EV 63.1 MPH)
Batting: LHB TJ Friedl 0-0: Called Strike
0-1: Reached on error, E5 (Groundball, 5, EV 87.5 MPH)
Batting: RHB Paul Goldschmidt 0-0: Ball
1-0: Ball
2-0: Called Strike
2-1: Ball
3-1: Base on Balls
Batting: LHB Cody Bellinger 0-0: Ball
1-0: Ball
2-0: Ball
3-0: SINGLE (Groundball, 34D, EV 100.0 MPH)
TJ Friedl to third
Paul Goldschmidt to second
Runner from 3rd tries for Home, SAFE, throw by RF to home
Batting: RHB Mike Trout 0-0: Swinging Strike
0-1: Ball
1-1: Ball
2-1: Swinging Strike
2-2: Strikes out swinging
Bottom of the 3rd over - 1 run, 1 hit, 1 error, 2 left on base; New York 5 - New York 1
TOP OF THE 4TH
New York Yankees batting - Pitching for New York Mets : RHP Vladimir Gutierrez
Batting: RHB Matt Chapman 0-0: Called Strike
0-1: Ball
1-1: Ball
2-1: Ball
3-1: SINGLE (Groundball, 23, EV 70.0 MPH) (infield hit)
Batting: LHB Cedric Mullins 0-0: Called Strike
0-1: Called Strike
0-2: Grounds into double play, 4-6-3 (Groundball, 4, EV 85.6 MPH)
Batting: RHB Randy Arozarena 0-0: Called Strike
0-1: Ball
1-1: Ball
2-1: Ball
3-1: Base on Balls
Batting: RHB Ha-seong Kim 0-0: Ball
1-0: Ball
2-0: Foul Ball, location: 3F
2-1: Fly out, F7 (Line Drive, 7S, EV 101.3 MPH)
Top of the 4th over - 0 runs, 1 hit, 0 errors, 1 left on base; New York 5 - New York 1
BOTTOM OF THE 4TH
New York Mets batting - Pitching for New York Yankees : RHP Kodai Senga
Batting: RHB Eloy Jimenez 0-0: Ball
1-0: Ground out U3 (Groundball, 3S, EV 71.9 MPH)
Batting: LHB Gavin Lux 0-0: Ball
1-0: Foul Ball, location: 7LMF
1-1: Foul Ball, location: 9LMF
1-2: Ball
2-2: Ball
3-2: Ground out 4-3 (Groundball, 4, EV 85.0 MPH)
Batting: RHB Ke'Bryan Hayes 0-0: Called Strike
0-1: Ground out 5-3 (Groundball, 56, EV 100.6 MPH)
Bottom of the 4th over - 0 runs, 0 hits, 0 errors, 0 left on base; New York 5 - New York 1
TOP OF THE 5TH
New York Yankees batting - Pitching for New York Mets : RHP Vladimir Gutierrez
Batting: RHB Vladimir Guerrero Jr. 0-0: Foul Ball, location: 7LMFF
0-1: Ball
1-1: Fly out, F8 (Flyball, 78S, EV 86.3 MPH)
Batting: RHB Mitch Garver 0-0: Ball
1-0: Ball
2-0: Foul Ball, location: 25FF
2-1: Fly out, F3 (Popup, 34S, EV 61.3 MPH)
Batting: SHB Ozzie Albies 0-0: Ball
1-0: Swinging Strike
1-1: Foul Ball, location: 7LMF
1-2: Strikes out swinging
Top of the 5th over - 0 runs, 0 hits, 0 errors, 0 left on base; New York 5 - New York 1
BOTTOM OF THE 5TH
New York Mets batting - Pitching for New York Yankees : RHP Kodai Senga
Batting: SHB Tommy Edman 0-0: Swinging Strike
0-1: Ball
1-1: Ball
2-1: Fly out, F9 (Line Drive, 89S, EV 100.0 MPH)
Batting: RHB Tyler Stephenson 0-0: Ground out 6-3 (Groundball, 6, EV 96.3 MPH)
Batting: LHB TJ Friedl 0-0: Fly out, F8 (Flyball, 8LD, EV 101.3 MPH)
Bottom of the 5th over - 0 runs, 0 hits, 0 errors, 0 left on base; New York 5 - New York 1
TOP OF THE 6TH
New York Yankees batting - Pitching for New York Mets : RHP Vladimir Gutierrez
Pitching: RHP Jeff Hoffman
Batting: RHB Seiya Suzuki 0-0: Fly out, F8 (Flyball, 8LD, EV 107.5 MPH)
Batting: RHB Gary Sanchez 0-0: Called Strike
0-1: Swinging Strike
0-2: Foul Ball, location: 9LSF
0-2: Ball
1-2: Ball
2-2: Foul Ball, location: 5FF
2-2: Foul Ball, location: 9LDF
2-2: Ball
3-2: Foul Ball, location: 3F
3-2: Strikes out swinging
Batting: RHB Matt Chapman 0-0: Ball
1-0: Swinging Strike
1-1: Ball
2-1: Ball
3-1: Called Strike
3-2: Base on Balls
Batting: LHB Cedric Mullins 0-0: Ball
Pickoff Throw to First - Out! 1-3
Top of the 6th over - 0 runs, 0 hits, 0 errors, 0 left on base; New York 5 - New York 1
BOTTOM OF THE 6TH
New York Mets batting - Pitching for New York Yankees : RHP Kodai Senga
Batting: RHB Paul Goldschmidt 0-0: Called Strike
0-1: Ball
1-1: Foul Ball, location: 5F
1-2: Ball
2-2: Strikes out swinging
Batting: LHB Cody Bellinger 0-0: Foul Ball, location: 23F
0-1: Called Strike
0-2: Ball
1-2: Ball
2-2: Ball
3-2: Foul Ball, location: 7LSF
3-2: Foul Ball, location: 7LDF
3-2: Foul Ball, location: 23F
3-2: Foul Ball, location: 2F
3-2: Strikes out looking
Batting: RHB Mike Trout 0-0: Foul Ball, location: 9LSF
0-1: Called Strike
0-2: Ground out 1-3 (Groundball, 13, EV 68.1 MPH)
Bottom of the 6th over - 0 runs, 0 hits, 0 errors, 0 left on base; New York 5 - New York 1
TOP OF THE 7TH
New York Yankees batting - Pitching for New York Mets : RHP Jeff Hoffman
Batting: LHB Cedric Mullins 0-0: Ball
1-0: Swinging Strike
1-1: Called Strike
1-2: Foul Ball, location: 2F
1-2: Strikes out looking
Batting: RHB Randy Arozarena 0-0: Called Strike
0-1: Ball
1-1: Ball
2-1: Called Strike
2-2: Fly out, F8 (Flyball, 78D, EV 86.9 MPH)
Batting: RHB Ha-seong Kim 0-0: Called Strike
0-1: Foul Ball, location: 9LMF
0-2: Ball
1-2: Ball
2-2: Strikes out swinging
Top of the 7th over - 0 runs, 0 hits, 0 errors, 0 left on base; New York 5 - New York 1
BOTTOM OF THE 7TH
New York Mets batting - Pitching for New York Yankees : RHP Kodai Senga
Batting: RHB Eloy Jimenez 0-0: SINGLE (Groundball, 4MD, EV 108.8 MPH)
Batting: LHB Gavin Lux 0-0: Foul Ball, location: 3SF
0-1: Ball
Wild Pitch!
Eloy Jimenez to second
1-1: Ground out 6-3 (Groundball, P, EV 87.5 MPH)
Eloy Jimenez to third
Batting: RHB Ke'Bryan Hayes 0-0: Ground out 5-3 (Groundball, 5S, EV 65.6 MPH)
Batting: SHB Tommy Edman 0-0: Called Strike
0-1: Ground out 4-3 (Groundball, 4, EV 102.5 MPH)
Bottom of the 7th over - 0 runs, 1 hit, 0 errors, 1 left on base; New York 5 - New York 1
TOP OF THE 8TH
New York Yankees batting - Pitching for New York Mets : RHP Jeff Hoffman
Pitching: RHP Joe Kelly
Batting: RHB Vladimir Guerrero Jr. 0-0: Called Strike
0-1: Foul Ball, location: 9LSF
0-2: Strikes out swinging
Batting: RHB Mitch Garver 0-0: Swinging Strike
0-1: Foul Ball, location: 25FF
0-2: Foul Ball, location: 2F
0-2: Foul Ball, location: 9LMF
0-2: Foul Ball, location: 25F
0-2: SINGLE (Line Drive, 56D, EV 96.3 MPH)
Batting: SHB Ozzie Albies 0-0: Swinging Strike
0-1: Foul Ball, location: 25F
0-2: Ball
1-2: 2-RUN HOME RUN (Flyball, 9D, EV 100.0 MPH), Distance : 422 ft
Batting: RHB Seiya Suzuki 0-0: Foul Ball, location: 2F
0-1: Called Strike
0-2: Ball
1-2: SOLO HOME RUN (Flyball, 7D, EV 96.9 MPH), Distance : 365 ft
Batting: RHB Gary Sanchez 0-0: Called Strike
0-1: Ball
1-1: Foul Ball, location: 3SF
1-2: Foul Ball, location: 2LF
1-2: Ball
2-2: Ball
3-2: Base on Balls
Batting: RHB Matt Chapman 0-0: Ball
1-0: Called Strike
1-1: Called Strike
1-2: Foul Ball, location: 2F
1-2: Strikes out looking
Batting: LHB Cedric Mullins 0-0: Ball
1-0: Foul Ball, location: 9LSF
1-1: Ball
2-1: Swinging Strike
2-2: Strikes out looking
Top of the 8th over - 3 runs, 3 hits, 0 errors, 1 left on base; New York 8 - New York 1
BOTTOM OF THE 8TH
New York Mets batting - Pitching for New York Yankees : RHP Kodai Senga
Pitching: LHP Joe Mantiply
Batting: RHB Tyler Stephenson 0-0: Swinging Strike
0-1: Ball
1-1: Ball
2-1: Ball
3-1: Base on Balls
Batting: LHB TJ Friedl 0-0: Ball
1-0: Ground out U3 (Groundball, 3S, EV 66.9 MPH)
Tyler Stephenson to second
Batting: RHB Paul Goldschmidt 0-0: Ball
1-0: Foul Ball, location: 9LMF
1-1: Foul Ball, location: 3F
1-2: Ball
2-2: Ball
3-2: Base on Balls
DELAY Rain delay of 19 minutes in the 8th inning.
Batting: LHB Cody Bellinger 0-0: Ball
1-0: Ball
2-0: Fly out, F6 (Popup, 6, EV 72.5 MPH)
Batting: RHB Mike Trout 0-0: Fly out, F9 (Flyball, 9, EV 77.5 MPH)
Bottom of the 8th over - 0 runs, 0 hits, 0 errors, 2 left on base; New York 8 - New York 1
TOP OF THE 9TH
New York Yankees batting - Pitching for New York Mets : RHP Joe Kelly
Pitching: LHP Jimmy Burnette
Batting: RHB Randy Arozarena 0-0: Swinging Strike
0-1: Called Strike
0-2: Strikes out looking
Batting: RHB Ha-seong Kim 0-0: Ball
1-0: Ball
2-0: Called Strike
2-1: Ball
3-1: Foul Ball, location: 2F
3-2: Strikes out looking
Batting: RHB Vladimir Guerrero Jr. 0-0: Called Strike
0-1: Foul Ball, location: 2F
0-2: Ball
1-2: Foul Ball, location: 23F
1-2: Ball
2-2: Foul Ball, location: 5F
2-2: Foul Ball, location: 9LSF
2-2: Fly out, F9 (Flyball, 89S, EV 93.8 MPH)
Top of the 9th over - 0 runs, 0 hits, 0 errors, 0 left on base; New York 8 - New York 1
BOTTOM OF THE 9TH
New York Mets batting - Pitching for New York Yankees : LHP Joe Mantiply
Pitching: LHP Brooks Raley
Batting: RHB Eloy Jimenez 0-0: Foul Ball, location: 25F
0-1: Ground out U3 (Groundball, 34, EV 98.8 MPH)
Batting: LHB Gavin Lux 0-0: Called Strike
0-1: Ball
1-1: Foul Ball, location: 3F
1-2: Foul Ball, location: 2F
1-2: Ball
2-2: Ball
3-2: Base on Balls
Batting: RHB Ke'Bryan Hayes 0-0: Called Strike
0-1: Ball
1-1: Ball
2-1: Fly out, F7 (Flyball, 7, EV 88.8 MPH)
Batting: SHB Tommy Edman 0-0: Fielders Choice at 2nd, 6-4 (Groundball, 6, EV 79.4 MPH)
Bottom of the 9th over - 0 runs, 0 hits, 0 errors, 1 left on base; New York 8 - New York 1
Monday, January 29th , 2024 - OOTP Baseball 24.11 Build 85